 Dungeon Crawl Stone Soup version 0.31-a0-983-g7b6862f502 (webtiles) character file.

Game seed: 13364854421482075304

14126 gelatine the Grappler (level 11, -4/84 HPs)
             Began as a Demonspawn Shapeshifter on Nov 2, 2023.
             Slain by a death yak (20 damage)
             ... on level 1 of the Lair of Beasts.
             The game lasted 00:32:14 (11564 turns).

gelatine the Grappler (Demonspawn Shapeshifter)    Turns: 11564, Time: 00:32:15

Health: -4/84      AC:  6    Str: 18    XL:     11   Next: 84%
Magic:  17/17      EV: 14    Int: 12    God:
Gold:   529        SH:  0    Dex: 19    Spells: 14/18 levels left

rFire   . .          .
                       - Unarmed
rCold   . . .        (no shield)
rNeg    . . .        N - +3 leather armour {Will+}
rPois   .            (helmet currently unavailable)
rElec   .            (cloak currently unavailable)
rCorr   .            (gloves currently unavailable)
SInv    .            (boots currently unavailable)
Will    +....        (no amulet)
Stlth   ++++++       K - ring of flight
HPRegen 0.34/turn    (no ring)
MPRegen 0.15/turn

%: no passive effects
@: beast-form, flying, studying Unarmed Combat
A: beast (slay +4), horns 2, thin skeletal structure 3, foul stench 1, powered
by death 1
a: Begin Untransformation


You were on level 1 of the Lair of Beasts.
You were a hulking beast.
You visited 3 branches of the dungeon, and saw 11 of its levels.
You also visited: Sewer.

You collected 529 gold pieces.

Inventory:

Hand Weapons
 Q - a +3 scimitar of flaming
 W - a +0 broad axe
Missiles
 y - 50 poisoned darts
 B - a throwing net
 D - 3 javelins
 I - 9 boomerangs (quivered)
Armour
 r - the +1 pair of gloves "Ehoawkoli" {Harm Rampage}
   (You found it on level 2 of the Dungeon)

   Harm:      It increases damage dealt and taken.
   Rampage:   It bestows one free step when moving towards enemies.
 v - +0 steam dragon scales
 J - the +8 chain mail of the Komodo Dragon {rF+ Stlth+}
   (You found it on level 6 of the Dungeon)

   rF+:       It protects you from fire.
   Stlth+:    It makes you more stealthy.
 N - a +3 leather armour of willpower (worn)
 R - a +2 robe
 U - the +7 chain mail of Kikubaaqudgha {rN+++ Regen+ Int-2}
   (You took it off a wight on level 9 of the Dungeon)

   Int-2:     It affects your intelligence (-2).
   rN+++:     It renders you almost immune to negative energy.
   Regen+:    It increases your rate of health regeneration.
 X - a +0 cloak
Magical Staves
 q - a staff of earth
 E - a staff of death
 H - a staff of cold
Jewellery
 f - a ring of resist corrosion
 F - an amulet of reflection
 K - a ring of flight (left hand)
 S - a ring of positive energy
Talismans
 c - a beast talisman
 d - a flux talisman
 O - a serpent talisman
Wands
 k - a wand of mindburst (5)
 x - a wand of polymorph (20)
 A - a wand of quicksilver (6)
 C - a wand of iceblast (21)
Scrolls
 g - a scroll of fog {unknown}
 h - a scroll of acquirement
 l - 4 scrolls of immolation
 s - 2 scrolls of poison
 u - 2 scrolls of revelation
 z - 6 scrolls of teleportation
 L - a scroll of enchant armour
 M - 2 scrolls of butterflies {unknown}
 P - a scroll of fear {unknown}
Potions
 b - 2 potions of lignification
 i - 2 potions of ambrosia
 j - 2 potions of cancellation
 m - a potion of attraction
 n - 2 potions of resistance
 o - 2 potions of might
 p - a potion of haste
 w - 2 potions of enlightenment
 G - 5 potions of invisibility {unknown}
 V - 2 potions of degeneration {unknown}


   Skills:
 * Level 7.4 Fighting
 + Level 4.9 Throwing
 + Level 5.6 Armour
 + Level 4.3 Dodging
 + Level 4.5 Stealth
 + Level 9.7 Unarmed Combat
 + Level 4.3 Spellcasting
 * Level 6.6 Poison Magic
 + Level 3.8 Evocations
 * Level 7.1 Shapeshifting


You had 14 spell levels left.
You knew the following spells:

 Your Spells              Type           Power      Damage    Failure   Level
a - Olgreb's Toxic Radia  Pois           18%        N/A       16%         4

Your spell library contained the following spells:

 Spells                   Type           Power      Damage    Failure   Level
 Poisonous Vapours        Pois/Air       20%        N/A       10%         2
 Shock                    Conj/Air       8%         1d3       24%         1
 Mephitic Cloud           Conj/Pois/Air  7%         N/A       30%         3
 Blink                    Tloc           4%         N/A       36%         2
 Lesser Beckoning         Tloc           4%         N/A       36%         2
 Momentum Strike          Conj/Tloc      4%         3d8       36%         2
 Static Discharge         Conj/Air       4%         3-4/arc   36%         2
 Gell's Gravitas          Tloc           2%         N/A       58%         3
 Swiftness                Air            2%         N/A       58%         3
 Teleport Other           Tloc           2%         N/A       58%         3
 Airstrike                Air            1%         2d(1-17)  94%         4
 Summon Lightning Spire   Summ/Air       2%         N/A       94%         4
 Freezing Cloud           Conj/Ice/Air   1%         6-21      100%        5
 Dispersal                Tloc           1%         N/A       100%        6
 Discord                  Hex            1%         N/A       100%        8
 Ignition                 Fire           1%         3d3       100%        8


Dungeon Overview and Level Annotations

Branches:
Dungeon (9/15)             Temple (1/1) D:5            Lair (1/5) D:9
  Sewer (visited)
    Orc: D:9-12

Altars:
Ashenzari
Cheibriados
Dithmenos
Fedhas
Gozag
Hepliaklqana
Kikubaaqudgha
Makhleb
Nemelex Xobeh
Okawaru
Qazlal
Ru
Sif Muna
Trog
Uskayaw
Vehumet
Wu Jian
Xom
Yredelemnul

Shops:
D:5 [


Innate Abilities, Weirdness & Mutations

You are a hulking beast.
Your limbs bulge with bestial killing power. (Slay +4)
You have a pair of horns on your head.
You have an unnaturally thin skeletal structure. (Dex +6, Stealth+++)
You may rarely emit foul miasma when damaged in melee.
You regenerate a little health from kills.


Message History

Aim: a death yak (severely wounded, 91% to hit)
The bolt of dispelling energy hits the death yak.
The death yak is severely wounded.
The death yak gores you!!
* * * LOW HITPOINT WARNING * * *
You feel much better. The death yak barely misses you.
You hit the death yak.
The death yak is severely wounded.
The death yak gores you!!
* * * LOW HITPOINT WARNING * * *
You feel much better. The death yak gores you!
* * * LOW HITPOINT WARNING * * *
You feel much better. The death yak barely misses you.
You barely miss the death yak.
The death yak is severely wounded.
The death yak misses you.
You hit the death yak but do no damage. You headbutt the death yak.
The death yak is severely wounded.
The death yak gores you!
You hit the death yak.
The death yak is severely wounded.
You hit the death yak but do no damage.
The death yak is severely wounded.
The death yak barely misses you.
You barely miss the death yak.
The death yak is severely wounded.
The death yak gores you!
* * * LOW HITPOINT WARNING * * *
You punch the death yak!
The death yak is almost dead.
The death yak misses you.
You hit the death yak but do no damage.
The death yak is almost dead.
The death yak gores you but does no damage.
You hit the death yak but do no damage. You headbutt the death yak!
The death yak is almost dead.
You hit the death yak but do no damage.
The death yak is almost dead.
The death yak gores you!!
You die...

#######.### ##
#P........##.+
##......|##..#
.#
##.......#..#
#.
#..........#
#.
#........##.#
#. #........#
# ...
##.....Y.# ###
#......h.#
##########


You could see a death yak.

Vanquished Creatures
  A death yak (Lair:1)
  A two-headed ogre (D:9)
  A deep elf pyromancer (D:9)
  2 black mambas (Lair:1)
  Maurice (D:9)
  Maggie (D:7)
  3 cane toads (Lair:1)
  A komodo dragon (Lair:1)
  Sigmund (D:2)
  3 yaks (D:8)
  2 wyverns (D:9)
  2 steam dragons (D:9)
  5 water moccasins
  Edmund (D:6)
  3 black bears
  3 ice beasts
  5 orc warriors
  6 ogres
  The ghost of bakla the Shooter, an amateur MeHu (D:4)
  5 centaurs
  2 phantoms
  3 kobold brigands
  4 bullfrogs
  2 gnoll sergeants
  2 scorpions (D:6)
  A water moccasin zombie (D:4)
  10 wights
  18 killer bees
  2 howler monkeys (D:6)
  4 electric eels (D:6)
  2 hounds
  5 orc priests
  3 jellies
  2 iguanas
  3 sleepcaps
  10 orc wizards
  8 gnolls
  13 adders
  2 river rats (D:3)
  A shadow imp (D:6)
  A white imp (D:5)
  An adder zombie (D:4)
  2 dart slugs
  2 worms
  36 orcs
  4 bats
  6 endoplasms
  4 giant cockroaches
  10 goblins
  10 hobgoblins
  3 jackals (Sewer)
  14 kobolds
  5 quokkas
  9 ball pythons
  3 frilled lizards
  3 rats
258 creatures vanquished.

Vanquished Creatures (others)
  Erica (D:8)
1 creature vanquished.

Grand Total: 259 creatures vanquished

Notes
Turn   | Place    | Note
-------+----------+-------------------------------------------
     0 | D:1      | gelatine the Demonspawn Shapeshifter began the quest for
                  | the Orb.
     0 | D:1      | Reached XP level 1. HP: 15/15 MP: 1/1
    83 | D:1      | Gained mutation: You have a pair of small horns on your
                  | head. [demonic ancestry]
    83 | D:1      | Reached XP level 2. HP: 14/21 MP: 2/2
   350 | D:1      | Reached skill level 3 in Unarmed Combat
   773 | D:1      | Found a faded altar of an unknown god.
   956 | D:2      | Gained mutation: You have a somewhat thin skeletal
                  | structure. (Dex +2, Stealth+) [demonic ancestry]
   956 | D:2      | Reached XP level 3. HP: 25/26 MP: 3/3
  1157 | D:2      | Noticed Sigmund
  1184 | D:2      | Killed Sigmund
  1185 | D:2      | Reached skill level 1 in Armour
  1185 | D:2      | Reached skill level 4 in Unarmed Combat
  1185 | D:2      | Gained mutation: You have a pair of horns on your head.
                  | [demonic ancestry]
  1185 | D:2      | Reached XP level 4. HP: 13/32 MP: 4/4
  1185 | D:2      | Gained mutation: You may rarely emit foul miasma when
                  | damaged in melee. [demonic ancestry]
  1185 | D:2      | Reached XP level 5. HP: 15/37 MP: 5/5
  1346 | D:2      | Identified the +1 pair of gloves "Ehoawkoli" {Harm Rampage}
  1857 | D:3      | Noticed an ogre
  1860 | D:3      | Killed an ogre
  1861 | D:3      | Reached skill level 1 in Stealth
  1861 | D:3      | Reached XP level 6. HP: 43/43 MP: 6/6
  1949 | D:3      | Found a glowing drain.
  2241 | Sewer    | Entered a sewer
  2314 | Sewer    | Noticed a water moccasin
  2324 | Sewer    | Killed a water moccasin
  2599 | D:3      | Gained mutation: You regenerate a little health from kills.
                  | [demonic ancestry]
  2599 | D:3      | Reached XP level 7. HP: 34/50 MP: 7/7
  2952 | D:4      | Reached skill level 1 in Throwing
  3066 | D:4      | Found a runed translucent gate.
  3066 | D:4      | Found a runed translucent gate.
  3066 | D:4      | Found a runed translucent gate.
  3066 | D:4      | Noticed bakla's ghost (amateur MeHu)
  3068 | D:4      | Found a basalt altar of Yredelemnul.
  3086 | D:4      | Reached skill level 5 in Unarmed Combat
  3099 | D:4      | Killed bakla's ghost
  3591 | D:5      | Entered Level 5 of the Dungeon
  3683 | D:5      | Gained mutation: You have a moderately thin skeletal
                  | structure. (Dex +4, Stealth++) [demonic ancestry]
  3683 | D:5      | Reached XP level 8. HP: 41/58 MP: 8/8
  3738 | D:5      | Found a staircase to the Ecumenical Temple.
  3835 | D:5      | Found Idaw's Antique Armour Shop.
  3900 | D:5      | Found an iron altar of Okawaru.
  4262 | D:5      | Found a hide-covered altar of Uskayaw.
  4262 | D:5      | Found a broken altar of Ashenzari.
  4304 | D:5      | Reached skill level 6 in Unarmed Combat
  4563 | D:6      | Learned a level 4 spell: Olgreb's Toxic Radiance
  4585 | D:6      | Identified the +8 chain mail of the Komodo Dragon {rF+
                  | Stlth+}
  4643 | D:6      | Found a radiant altar of Vehumet.
  4819 | D:6      | Reached skill level 1 in Spellcasting
  4819 | D:6      | Reached skill level 1 in Poison Magic
  4819 | D:6      | Reached skill level 1 in Evocations
  4897 | D:6      | Found an opulent altar of Gozag.
  5019 | D:6      | Gained mutation: You have an unnaturally thin skeletal
                  | structure. (Dex +6, Stealth+++) [demonic ancestry]
  5019 | D:6      | Reached XP level 9. HP: 31/65 MP: 10/10
  5267 | D:6      | Reached skill level 5 in Shapeshifting
  5524 | D:6      | Found a bloodstained altar of Trog.
  5586 | D:6      | Noticed Edmund
  5593 | D:6      | Killed Edmund
  5811 | D:6      | Found a snail-covered altar of Cheibriados.
  6225 | D:6      | Reached skill level 7 in Unarmed Combat
  6225 | D:6      | Reached XP level 10. HP: 76/76 MP: 11/16
  6299 | D:7      | Reached skill level 5 in Poison Magic
  6434 | D:7      | Noticed Maggie
  6442 | D:7      | Killed Maggie
  6545 | D:7      | Found a blossoming altar of Fedhas.
  7701 | D:8      | Reached skill level 5 in Armour
  7736 | D:8      | Noticed Erica
  7754 | D:8      | Killed Erica
  8029 | D:8      | Reached XP level 11. HP: 77/83 MP: 17/17
  8165 | D:8      | Identified 2 scrolls of acquirement
  8165 | D:8      | Acquired a manual of Unarmed Combat
  8652 | Temple   | Entered the Ecumenical Temple
  8814 | D:8      | Reached skill level 8 in Unarmed Combat
  9057 | D:9      | Noticed a two-headed ogre
  9066 | D:9      | Killed a two-headed ogre
  9129 | D:9      | Identified the +7 chain mail of Kikubaaqudgha {rN+++ Regen+
                  | Int-2}
  9435 | D:9      | Found a shadowy altar of Dithmenos.
  9467 | D:9      | Noticed Maurice
  9470 | D:9      | Maurice stole 251 gold
  9471 | D:9      | Maurice stole a beast talisman
  9473 | D:9      | Maurice stole a +0 broad axe
  9475 | D:9      | Killed Maurice
  9931 | D:9      | Found a stormy altar of Qazlal.
  9962 | D:9      | Reached skill level 9 in Unarmed Combat
  9964 | D:9      | Noticed a deep elf pyromancer
  9982 | D:9      | Killed a deep elf pyromancer
 10460 | D:9      | Found a staircase to the Lair.
 10468 | Lair:1   | Entered Level 1 of the Lair of Beasts
 10734 | Lair:1   | HP: 4/84 [poisoned by a cane toad]
 11459 | Lair:1   | Noticed a death yak
 11460 | Lair:1   | Noticed a death yak
 11460 | Lair:1   | Noticed a death yak
 11468 | Lair:1   | Noticed a death yak
 11471 | Lair:1   | Noticed a death yak
 11472 | Lair:1   | Killed a death yak
 11564 | Lair:1   | Slain by a death yak

Illustrated notes

Levels and vault maps discovered:
D:1:      wander_arrival_peaceful_grave, layout_basic,
          shapermc_ecumenical_altar_petra, hangedman_decor_slide_cut
D:2:      layout_basic, uniq_sigmund
D:3:      layout_basic, portal_sewer_entry_b
D:4:      layout_cave_pools, nicolae_yredelemnul_ghost_church,
          hangedman_minor_gate_pass
D:5:      layout_loops_ring, lemuel_crystal_altar,
          gammafunk_temple_overflow_statue, minmay_temple_entry_statues,
          serial_shops, nicolae_shop_peninsula, hex_tiny, reono_crystal_passage
D:6:      minmay_thinvault, layout_cave_pods, nicolae_gozag_seed_capital,
          mainiacjoe_overflow_small_starburst,
          mainiacjoe_overflow_catch_the_wave, serial_bayou, serial_bayou_lake_a,
          serial_bayou_shore_b, uniq_edmund
D:7:      layout_loops_corners, fedhas_bush_and_centaur_altar, uniq_maggie
D:8:      layout_cave_pods, minmay_misc_feat_nine_boxes, uniq_erica
D:9:      kennysheep_spiral_hall, layout_rooms, mainiacjoe_overflow_24_doors,
          nicolae_dithmenos_shadow_blocks, minmay_circle_x, uniq_maurice
Temple:   grunt_temple_mini_profane
Lair:1:   layout_roguey

Skill      XL: |  1  2  3  4  5  6  7  8  9 10 11 |
---------------+----------------------------------+-----
Shapeshifting  | 3 4 6 7 |  7.1
Unarmed Combat | 3 4 5 6 7 9 |  9.7
Dodging        | 2 3 4 |  4.3
Armour         | 1 2 3 4 5 |  5.6
Stealth        | 1 3 4 |  4.5
Fighting       | 2 3 4 6 7 |  7.4
Throwing       | 2 4 |  4.9
Spellcasting   | 1 4 |  4.3
Poison Magic   | 1 4 5 6 |  6.6
Evocations     | 2 3 |  3.8

Action                     |  1- 3 |  4- 6 |  7- 9 | 10-12 || total
---------------------------+-------+-------+-------+-------++-------
  Melee: Unarmed           |    80 |    82 |   223 |   325 ||   710
         Headbutt          |     8 |    17 |    53 |    74 ||   152
         Punch             |     2 |     1 |     8 |    19 ||    30
  Throw: Dart              |     6 |    12 |    13 |       ||    31
         Javelin           |       |       |    56 |    18 ||    74
         Stone             |       |       |       |    80 ||    80
         Boomerang         |       |       |       |    41 ||    41
   Cast: Olgreb's Toxic Ra |       |       |       |     7 ||     7
  Evoke: Wand              |       |       |     2 |     3 ||     5
    Use: Scroll            |       |     5 |     3 |    11 ||    19
         Potion            |       |       |     1 |     6 ||     7
   Stab: Sleeping          |       |     3 |     8 |     4 ||    15
         Distracted        |       |       |       |     1 ||     1
 Armour: Ring mail         |    41 |    59 |    64 |       ||   164
         Animal skin       |     1 |       |       |       ||     1
         Chain mail        |       |       |    72 |   170 ||   242
         Leather armour    |       |       |       |   103 ||   103
  Dodge: Dodged            |    45 |    37 |    74 |   213 ||   369

Table legend: (Time is in decaauts)
 A = Elapsed time spent in this place.
 B = Non-inter-level travel time spent in this place.
 C = Inter-level travel time spent in this place.
 D = Time resting spent in this place.
 E = Time spent auto-exploring this place.
 F = Levels seen in this place.
 G = Mean time per level.
                   A        B        C        D        E       F      G
               +--------+--------+--------+--------+--------+-----+--------+
         Total |  11538 |  10911 |    627 |      0 |   8591 |  12 |  961.5 |
       Dungeon |  10214 |   9660 |    554 |      0 |   7631 |   9 | 1134.9 |
        Temple |     75 |      2 |     73 |      0 |      0 |   1 |   75.0 |
          Lair |   1084 |   1084 |      0 |      0 |    841 |   1 | 1084.0 |
         Sewer |    163 |    163 |      0 |      0 |    119 |   1 |  163.0 |
               +--------+--------+--------+--------+--------+-----+--------+

Top non-repeatable levels by time:
     D:6: 1765 daAuts
     D:9: 1454 daAuts
     D:7: 1358 daAuts
  Lair:1: 1084 daAuts
     D:8: 1069 daAuts
     D:5: 1016 daAuts
     D:3: 946 daAuts
     D:1: 943 daAuts
     D:2: 906 daAuts
     D:4: 754 daAuts
   Sewer: 163 daAuts
  Temple: 75 daAuts
